 Dungeon Crawl Stone Soup version 0.22-a0-358-g7563fe7 (webtiles) character file.

98 Amnesiac the Conjurer (level 4, -1/26 HPs)
             Began as a Deep Elf Conjurer on Apr 18, 2018.
             Was an Initiate of Sif Muna.
             Succumbed to VDreamerV's ghost's poison
             ... on level 2 of the Dungeon.
             The game lasted 00:02:44 (1866 turns).

Amnesiac the Conjurer (Deep Elf Conjurer)           Turns: 1866, Time: 00:02:45

Health: -1/26      AC:  4    Str:  4 (5)  XL:     4   Next: 43%
Magic:  5/12       EV: 13    Int: 19 (21) God:    Sif Muna [......]
Gold:   131        SH:  0    Dex: 13 (15) Spells: 4/11 levels left

rFire    . . .     SeeInvis .   g - -2 short sword (curse)
rCold    + . .     Gourm    .   (no shield)
rNeg     . . .     Faith    .   a - +1 robe
rPois    .         Spirit   .   (no helmet)
rElec    .         Reflect  .   (no cloak)
rCorr    .         Harm     .   i - +0 pair of gloves
MR       +....                  (no boots)
Stlth    ++........             (no amulet)
HPRegen  0.08/turn              e - ring of protection from cold
MPRegen  0.13/turn              m - ring of protection from magic

@: lethally poisoned (-1 -> -29), invisible
A: no striking features
a: Renounce Religion


You were on level 2 of the Dungeon.
You worshipped Sif Muna.
Sif Muna was noncommittal.
You were not hungry.

You visited 1 branch of the dungeon, and saw 3 of its levels.

You collected 131 gold pieces.

Inventory:

Hand Weapons
 g - a cursed -2 short sword (weapon)
 p - a +0 dagger of venom
Missiles
 b - 5 curare-tipped needles
Armour
 a - a +1 robe (worn)
 i - a +0 pair of gloves (worn)
 w - a +1 pair of gloves
Jewellery
 e - a ring of protection from cold (left hand)
 m - a ring of protection from magic (right hand)
 n - a +5 ring of intelligence {unknown}
 t - an uncursed ring of poison resistance {unknown}
Scrolls
 k - 2 scrolls of blinking {!r, unknown}
 l - 3 scrolls of identify {!r}
 q - a scroll of enchant weapon {!r, unknown}
 u - a scroll of fog {!r, unknown}
 v - a scroll of remove curse {!r, unknown}
Potions
 f - a potion of degeneration {!q}
 h - a potion of agility {!q}
 o - a potion of brilliance {!q}
 s - a potion of mutation {!q, unknown}
Comestibles
 c - 6 rations
 d - 10 chunks of flesh


   Skills:
 - Level 2.0 Fighting
 - Level 2.4 Dodging
 - Level 2.4 Stealth
 * Level 4.2 Spellcasting
 + Level 5.1 Conjurations


You had 4 spell levels left.
You knew the following spells:

 Your Spells              Type           Power        Failure   Level  Hunger
a - Magic Dart            Conj           ###.         1%          1    None
d - Iskenderun's Mystic   Conj           ###.....     16%         4    ####...
e - Searing Ray           Conj           ###...       2%          2    ##.....


Dungeon Overview and Level Annotations

Branches:
Dungeon (3/15)

Altars:
Makhleb
Nemelex Xobeh
Sif Muna
Xom

Annotations:
D:3 VDreamerV's ghost, amateur FoTm


Message History

Press: ? - help, Shift-Dir - straight line, f/p - VDreamerV's ghost
Aim: VDreamerV's ghost, wielding a weapon of venom (lightly damaged)
The searing ray hits VDreamerV's ghost.
VDreamerV's ghost is lightly damaged. (Press . to maintain the ray.) VDreamerV's ghost completely misses you.
The searing ray hits VDreamerV's ghost.
VDreamerV's ghost is lightly damaged.
VDreamerV's ghost hits you.
You are poisoned.
The searing ray hits VDreamerV's ghost.
VDreamerV's ghost is lightly damaged.
You feel sick. VDreamerV's ghost hits you.
You are lethally poisoned!
The searing ray hits VDreamerV's ghost.
VDreamerV's ghost is moderately damaged.
The searing ray hits the ball python.
You kill the ball python!
Sif Muna accepts your kill.
You finish channeling your searing ray.
You feel sick. VDreamerV's ghost hits you.
* * * LOW HITPOINT WARNING * * *
You are more poisoned.
You aren't carrying any items that you can evoke.
* * * LOW HITPOINT WARNING * * *
You feel sick.
Really quaff
f - 2 grey potions {!q}?
It was a potion of degeneration {!q}.
There was something very wrong with that liquid.
You feel weakened.
You feel dopey.
You feel clumsy.
* * * LOW HITPOINT WARNING * * *
You feel very sick. VDreamerV's ghost barely misses you.
* * * LOW HITPOINT WARNING * * *
You feel sick. VDreamerV's ghost hits you.
* * * LOW HITPOINT WARNING * * *
You are more poisoned.
Really quaff
j - a potion of heal wounds {!q}?
You feel much better.
You feel sick. VDreamerV's ghost misses you.
You feel very sick.
You see here a rapier.
You feel sick.
You feel sick.
You feel sick.
VDreamerV's ghost assumes a wrestling stance.
You feel sick.
* * * LOW HITPOINT WARNING * * *
You feel sick.
* * * LOW HITPOINT WARNING * * *
You feel sick.
* * * LOW HITPOINT WARNING * * *
You feel sick.
There is an escape hatch in the ceiling here.
* * * LOW HITPOINT WARNING * * *
You feel sick. VDreamerV's ghost hits you.
* * * LOW HITPOINT WARNING * * *
You are more poisoned.
A mysterious force pulls you upwards. The hatch slams shut behind you.
* * * LOW HITPOINT WARNING * * *
You feel very sick.
Really quaff
r - a brown potion {!q}?
It was a potion of invisibility {!q}.
You fade into invisibility!
You die...

#......# ###)##....#
######....# #..##...#
.....###.## ##..#...#
.....# #.### ##.#...#
.....# #...#### #....##
###### ###....## ###..#
....# #####..#####..#
....#####.............#
..........#####.@.###.#####
....####### ##.(........#
.>..# #..........# #####
#..........# #..........#
############


There were no monsters in sight!

Vanquished Creatures
  A hound (D:2)
  An adder (D:2)
  2 oozes
  A worm (D:2)
  A dart slug (D:2)
  A leopard gecko (D:2)
  2 giant cockroaches (D:1)
  8 goblins
  6 hobgoblins
  2 jackals (D:2)
  5 kobolds
  2 ball pythons
  3 bats (D:1)
  5 frilled lizards
  7 rats
47 creatures vanquished.

Notes
Turn   | Place    | Note
-------+----------+-------------------------------------------
     0 | D:1      | Amnesiac the Deep Elf Conjurer began the quest for the Orb.
     0 | D:1      | Reached XP level 1. HP: 10/10 MP: 6/6
   140 | D:1      | Reached skill level 1 in Fighting
   149 | D:1      | Reached XP level 2. HP: 16/16 MP: 4/8
   153 | D:1      | Learned a level 2 spell: Searing Ray
   176 | D:1      | Found a shimmering altar of Xom.
  1065 | D:2      | Reached XP level 3. HP: 21/21 MP: 2/9
  1267 | D:2      | Found a deep blue altar of Sif Muna.
  1276 | D:2      | Became a worshipper of Sif Muna the Loreminder
  1613 | D:2      | Reached skill level 5 in Conjurations
  1631 | D:2      | Found a burning altar of Makhleb.
  1638 | D:2      | Reached XP level 4. HP: 24/26 MP: 1/12
  1644 | D:2      | Learned a level 4 spell: Iskenderun's Mystic Blast
  1691 | D:3      | Found a sparkling altar of Nemelex Xobeh.
  1842 | D:3      | Noticed VDreamerV's ghost (amateur FoTm)
  1865 | D:2      | HP: 1/26 [poisoned by VDreamerV's ghost]
  1866 | D:2      | Succumbed to VDreamerV's ghost's poison

Vault maps used:
D:1:      lightli_arrival_chessboard, hangedman_decor_slide_cut,
          nrook_loot_triangle, minmay_hexomino_r4
D:2:      makhleb_blood_cavern_becter, old_standard_altar, first_ration
D:3:      nemelex_xobeh_ov_fountains_minmay, cheibrodos_sewer_entry_drain,
          uniq_ijyb

Skill      XL: |  1  2  3 |
---------------+----------+-----
Fighting       | 1 2 |  2.0
Conjurations   | 5 |  5.1
Spellcasting   | 4 |  4.2
Dodging        | |  2.4
Stealth        | |  2.4

Action                   |  1- 3 |  4- 6 || total
-------------------------+-------+-------++-------
 Cast: Magic Dart        |    89 |    12 ||   101
       Searing Ray       |     1 |     2 ||     3
  Use: Scroll            |     7 |       ||     7
       Potion            |     3 |     3 ||     6
  Eat: Chunk             |     2 |     1 ||     3
Armor: Robe              |     2 |       ||     2
Dodge: Dodged            |     6 |     3 ||     9

Table legend:
 A = Spawn XP
 B = Non-spawn XP
 C = Spawn XP percentage of total XP
 D = Spawn monster count
 E = Non-spawn monster count
 F = Spawn count percentage of total count
 G = Total turns spent on level
                    A         B        C        D         E        F      G
               +---------+---------+-------+---------+---------+-------+---------
         Total |       0 |     140 |   0.0 |       0 |      47 |   0.0 |  1866
               +---------+---------+-------+---------+---------+-------+---------
           D:1 |       0 |      38 |   0.0 |       0 |      25 |   0.0 |  1049
           D:2 |       0 |      87 |   0.0 |       0 |      15 |   0.0 |   643
           D:3 |       0 |      15 |   0.0 |       0 |       7 |   0.0 |   174
               +---------+---------+-------+---------+---------+-------+---------
